 Dungeon Crawl Stone Soup version 0.30-a0-167-g62a5988fa7 (webtiles) character file.

Game seed: 10416031049294410184

7405 qw the Cleaver (level 11, -4/71 HPs)
             Began as a Gargoyle Fighter on Sept 29, 2022.
             Was a Priest of Okawaru.
             Killed by the air
             ... invoked by a wind drake
              (7 damage)
             ... on level 2 of the Lair of Beasts.
             The game lasted 00:04:02 (11756 turns).

qw the Cleaver (Gargoyle Fighter)                  Turns: 11756, Time: 00:04:03

Health: -4/71      AC: 27    Str: 23    XL:     11   Next: 14%
Magic:  10/12      EV: 10    Int: 10    God:    Okawaru [***...]
Gold:   1518       SH:  6    Dex:  9    Spells: 10/10 levels left

rFire   . . .      SeeInvis .    Y - +0 broad axe
rCold   + . .      Faith    .    c - +0 buckler
rNeg    + . .      Spirit   .    f - +0 chain mail
rPois   inf        Reflect  .    h - +1 helmet
rElec   +          Harm     .    b - +0 cloak
rCorr   .          Rampage  .    n - +0 pair of gloves
Will    .....      Clarity  +    r - +0 pair of boots
Stlth   ..........               (no amulet)
HPRegen 0.21/turn                l - ring of protection from cold
MPRegen 0.13/turn                (no ring)

@: heroic
A: sickness immunity, AC +8, negative energy resistance 1, electricity
resistance, torment resistance 1, petrification resistance, clarity, low MP 1,
mutation resistance 1, subdued magic 1
a: Renounce Religion, Heroism


You were on level 2 of the Lair of Beasts.
You worshipped Okawaru.
Okawaru was most pleased with you.
You visited 3 branches of the dungeon, and saw 11 of its levels.
You also visited: Sewer.

You collected 1518 gold pieces.


Innate Abilities, Weirdness & Mutations

You are immune to sickness and miasma.
Your stone body is resilient. (AC +8)
You are immune to poison.
You resist negative energy. (rN+)
You are resistant to electric shocks. (rElec)
You are resistant to unholy torment.
You are immune to petrification.
You possess an exceptional clarity of mind.
Your magical capacity is low. (-10% MP)
You are somewhat resistant to further mutation.
Your spells are a little easier to cast, but a little less powerful.


   Skills:
 - Level 9.1(14.1) Fighting
 + Level 11.1(16.1) Axes
 - Level 1.3(6.3) Throwing
 - Level 7.5(12.5) Armour
 - Level 2.2(7.2) Dodging
 - Level 5.8(10.8) Shields
 - Level 4.0 Invocations


You had 10 spell levels left.
You didn't know any spells.
Your spell library was empty.

Inventory:

Hand Weapons
 t - a -1 demon whip of venom
 Y - a +0 broad axe (weapon)
Missiles
 q - 2 boomerangs (quivered)
Armour
 b - a +0 cloak (worn)
 c - a +0 buckler (worn)
 f - a +0 chain mail (worn)
 h - a +1 helmet (worn)
 n - a +0 pair of gloves (worn)
 r - a +0 pair of boots (worn)
Jewellery
 l - a ring of protection from cold (left hand)
Scrolls
 a - a scroll of identify
Potions
 d - 3 potions of might
 e - a potion of cancellation
 g - a potion of lignification
 j - 6 potions of curing
 m - a potion of attraction
 o - 2 potions of resistance
 p - a potion of haste
 s - 5 potions of mutation
 u - a potion of experience {unknown}

Dungeon Overview and Level Annotations

Branches:
Dungeon (8/15)             Temple (1/1) D:7            Lair (2/5) D:8
 Shoals (0/4) Lair:2        Sewer (visited)
  Snake: Lair:2-3    Spider: Lair:2-3

Altars:
Elyvilon
Fedhas
Hepliaklqana
Nemelex Xobeh
Okawaru
Qazlal
Ru
Sif Muna
Trog
Vehumet
Yredelemnul

Shops:
D:2 :


Message History

The bullfrog is severely wounded.
You slash the plant!
You hear the faint crackling of a very distant melting archway.
The bullfrog hits you but does no damage. x2
You hit the bullfrog but do no damage.
The bullfrog is severely wounded.
You hit the plant.
A nearby plant withers and dies.
You block the bullfrog's attack.
The manticore bites the fungus!
The fungus begins to die.
The manticore claws the fungus! x2
11751 ||| INVOKING Heroism.
You gain the combat prowess of a mighty hero.
The bullfrog hits you. You block the bullfrog's attack.
You slice the bullfrog!!
You kill the bullfrog!
Okawaru accepts your kill. The manticore bites you! The manticore claws you.
The manticore claws you but does no damage.
The wind drake exhales a fierce blast of wind!
You hear a shout!
You see here a bullfrog corpse.
You hit the manticore but do no damage. You hit the fungus.
You barely miss the wind drake.
The manticore bites you but does no damage.
The manticore claws you! The manticore barely misses you.
The wind drake flaps its wings at you. The air twists around and strikes you!
You hit the manticore.
The manticore is lightly wounded.
You hit the wind drake but do no damage.
You hit the fungus.
A nearby fungus withers and dies.
You block the wind drake's attack. The manticore bites you!
The manticore claws you! You block the manticore's attack.
You slice the manticore!!
The manticore is heavily wounded.
You slice the wind drake!! The wind drake flaps its wings at you.
The air twists around and strikes you!
You die...

##### ...## #P..# .>...
#...# # ...... ##...##
## ...... ####..#..##
##. #...<.#
##...##.#..###..
#.....P##....###.....#..
......H#...P## ###..##..
#.....k@##### #...#..
#P......# ##.....
###....## ##.... #...##
##... ....# #... ...#
#... ..# #... .. ....
P...


You could see a wind drake (repels missiles, catching breath) and a manticore.

Vanquished Creatures
  Erica (D:8)
  Amaemon (Lair:1)
  A black mamba (Lair:1)
  An orange demon (Lair:1)
  2 cane toads (Lair:1)
  A komodo dragon (Lair:1)
  Grinder (D:4)
  Sigmund (D:4)
  Eustachio (D:4)
  A wyvern (Lair:2)
  2 basilisks (Lair:1)
  2 steam dragons
  Menkaure (D:5)
  A water moccasin (Lair:1)
  Duvessa (D:6)
  An ice beast (D:5)
  2 orc warriors
  A sky beast (D:7)
  4 black bears
  An ogre (D:4)
  5 wolves (Lair:1)
  A centaur (D:6)
  A phantom (D:4)
  7 kobold brigands
  7 bullfrogs
  4 scorpions
  Dowan (D:6)
  3 hounds
  A jelly (D:7)
  3 orc priests
  An iguana (D:6)
  5 orc wizards
  Natasha (thrice) (D:4)
  9 gnolls
  4 river rats (Sewer)
  4 adders
  3 white imps
  An ufetubus (D:5)
  3 worms
  3 dart slugs
  30 orcs
  4 endoplasms
  7 giant cockroaches
  8 goblins
  13 hobgoblins
  4 jackals (D:1)
  2 quokkas
  12 ball pythons
  7 bats
  7 frilled lizards
  37 kobolds
  17 rats
244 creatures vanquished.

Vanquished Creatures (others)
  15 fungi
  9 plants
24 creatures vanquished.

Grand Total: 268 creatures vanquished

Notes
Turn   | Place    | Note
-------+----------+-------------------------------------------
     0 | D:1      | qw the Gargoyle Fighter began the quest for the Orb.
     0 | D:1      | Reached XP level 1. HP: 14/14 MP: 1/1
     0 | D:1      | 0 ||| qw: Version: 0.2-a-12-gaebbb33
     0 | D:1      | 0 ||| qw: Game counter: 1066
     0 | D:1      | 0 ||| qw: Always use a shield: true
     0 | D:1      | 0 ||| qw: God list: Okawaru
     0 | D:1      | 0 ||| qw: Allow faded altars: false
     0 | D:1      | 0 ||| qw: Do Orc after D:15 true
     0 | D:1      | 0 ||| qw: Do second Lair branch before Depths: true
     0 | D:1      | 0 ||| qw: Lair rune preference: random
     0 | D:1      | 0 ||| qw: Plans: Normal, Zot:1-4, God:TSO, Crypt, Tomb,
                  | Pan, Slime:5, Hells, Abyss, Orb
     0 | D:1      | 0 ||| PLANNING D:1-11
    31 | D:1      | HP: 1/14 [goblin/+0 club (3)]
    36 | D:1      | Reached skill level 2 in Axes
    36 | D:1      | 36 ||| Stepping ~*~*~tactically~*~*~ (stealth).
    37 | D:1      | 37 ||| Stepping ~*~*~tactically~*~*~ (stealth).
    48 | D:1      | 48 ||| Stepping ~*~*~tactically~*~*~ (stealth).
    69 | D:1      | Reached XP level 2. HP: 4/19 MP: 2/2
   455 | D:1      | 455 ||| Stepping ~*~*~tactically~*~*~ (stealth).
   459 | D:1      | 459 ||| Stepping ~*~*~tactically~*~*~ (stealth).
   480 | D:1      | Reached skill level 3 in Axes
   484 | D:1      | 484 ||| DROPPING +0 club.
   496 | D:1      | Reached XP level 3. HP: 20/23 MP: 3/3
   602 | D:1      | Found a faded altar of an unknown god.
   874 | D:1      | 874 ||| Stepping ~*~*~tactically~*~*~ (stealth).
   880 | D:1      | 880 ||| Stepping ~*~*~tactically~*~*~ (stealth).
  1231 | D:1      | 1231 ||| READING scroll labelled POITTE DUENYUS.
  1325 | D:2      | Reached XP level 4. HP: 28/28 MP: 4/4
  1336 | D:2      | Found Tahi's Book Shoppe.
  1691 | D:2      | 1691 ||| Stepping ~*~*~tactically~*~*~ (stealth).
  1704 | D:2      | Found the +7 staff of the Meek {protect, meekguard}
  1836 | D:2      | Reached skill level 4 in Axes
  2217 | D:2      | 2217 ||| UPGRADING to +0 helmet.
  2222 | D:2      | 2222 ||| READING 2 scrolls labelled WELEUL VISIST.
  2223 | D:2      | 2223 ||| READING 2 scrolls labelled NUINES XIEHER.
  2224 | D:2      | 2224 ||| READING scroll of enchant weapon.
  2224 | D:2      | 2224 ||| ENCHANTING +1 war axe.
  2225 | D:2      | 2225 ||| READING scroll labelled SENLUV ABBUEJ.
  2226 | D:2      | 2226 ||| READING 2 scrolls labelled LIHASAESAT.
  2227 | D:2      | 2227 ||| DRINKING 2 viscous amethyst potions.
  2228 | D:2      | 2228 ||| DROPPING scroll of noise.
  2477 | D:3      | 2477 ||| DROPPING +0 whip.
  2486 | D:3      | Found a sparkling altar of Nemelex Xobeh.
  2689 | D:3      | 2689 ||| Stepping ~*~*~tactically~*~*~ (stealth).
  2690 | D:3      | 2690 ||| Stepping ~*~*~tactically~*~*~ (stealth).
  2700 | D:3      | 2700 ||| Stepping ~*~*~tactically~*~*~ (stealth).
  2701 | D:3      | 2701 ||| Stepping ~*~*~tactically~*~*~ (stealth).
  2704 | D:3      | 2704 ||| Stepping ~*~*~tactically~*~*~ (stealth).
  3246 | D:3      | 3246 ||| UPGRADING to +0 chain mail.
  3256 | D:3      | 3256 ||| DROPPING +0 scale mail.
  3257 | D:3      | 3257 ||| READING scroll labelled MENYNN YTEUFA.
  3449 | D:4      | 3449 ||| Stepping ~*~*~tactically~*~*~ (stealth).
  3455 | D:4      | Reached XP level 5. HP: 32/32 MP: 5/5
  3619 | D:4      | Noticed a phantom
  3647 | D:4      | Killed a phantom
  3648 | D:4      | Reached skill level 5 in Axes
  3741 | D:4      | Noticed Natasha
  3744 | D:4      | Reached XP level 6. HP: 17/38 MP: 6/6
  3752 | D:4      | HP: 8/39 [orc/+0 club (2)]
  3756 | D:4      | Killed Natasha
  3829 | D:4      | 3829 ||| Stepping ~*~*~tactically~*~*~ (stealth).
  3830 | D:4      | 3830 ||| Stepping ~*~*~tactically~*~*~ (stealth).
  4008 | D:4      | 4008 ||| READING scroll of enchant armour.
  4008 | D:4      | 4008 ||| ENCHANTING +0 helmet.
  4018 | D:4      | Noticed Grinder
  4019 | D:4      | 4019 ||| Stepping ~*~*~tactically~*~*~ (hiding).
  4020 | D:4      | 4020 ||| Stepping ~*~*~tactically~*~*~ (hiding).
  4021 | D:4      | 4021 ||| Stepping ~*~*~tactically~*~*~ (hiding).
  4024 | D:4      | Noticed Sigmund
  4034 | D:4      | Killed Grinder
  4035 | D:4      | Reached skill level 6 in Axes
  4035 | D:4      | Reached XP level 7. HP: 24/44 MP: 7/7
  4037 | D:4      | Killed Sigmund
  4190 | D:4      | 4190 ||| Stepping ~*~*~tactically~*~*~ (stealth).
  4191 | D:4      | 4191 ||| Stepping ~*~*~tactically~*~*~ (stealth).
  4237 | D:4      | Noticed Eustachio
  4263 | D:4      | Killed Eustachio
  4264 | D:4      | Reached skill level 7 in Axes
  4391 | D:4      | Reached XP level 8. HP: 45/48 MP: 8/8
  4572 | D:4      | Noticed Natasha
  4576 | D:4      | Killed Natasha
  4719 | D:4      | Noticed Natasha
  4720 | D:4      | 4720 ||| Stepping ~*~*~tactically~*~*~ (hiding).
  4725 | D:4      | Killed Natasha
  4780 | D:4      | 4780 ||| Stepping ~*~*~tactically~*~*~ (stealth).
  4974 | D:4      | 4974 ||| UPGRADING to +0 cloak.
  4979 | D:4      | 4979 ||| UPGRADING to +0 pair of boots.
  4984 | D:4      | 4984 ||| READING scroll labelled XIPHICUOSM.
  4985 | D:4      | 4985 ||| DRINKING 2 lumpy brown potions.
  5005 | D:5      | Entered Level 5 of the Dungeon
  5006 | D:5      | 5006 ||| PLANNING SEWER
  5060 | D:5      | 5060 ||| Stepping ~*~*~tactically~*~*~ (stealth).
  5098 | D:5      | 5098 ||| Stepping ~*~*~tactically~*~*~ (hiding).
  5156 | D:5      | Noticed Menkaure
  5164 | D:5      | Killed Menkaure
  5165 | D:5      | Reached skill level 8 in Axes
  5344 | D:5      | 5344 ||| Stepping ~*~*~tactically~*~*~ (stealth).
  5346 | D:5      | 5346 ||| Stepping ~*~*~tactically~*~*~ (stealth).
  5349 | D:5      | 5349 ||| Stepping ~*~*~tactically~*~*~ (stealth).
  5358 | D:5      | 5358 ||| Stepping ~*~*~tactically~*~*~ (stealth).
  5376 | D:5      | Found a glowing drain.
  5377 | D:5      | 5377 ||| READING scroll labelled FURUTY FIKUI.
  5378 | D:5      | 5378 ||| DRINKING 2 lumpy cyan potions.
  5379 | D:5      | 5379 ||| DRINKING 2 orange potions.
  5379 | D:5      | Gained mutation: Your flesh is cold resistant. (rC+)
                  | [potion of mutation]
  5379 | D:5      | Gained mutation: You sometimes lose your temper in combat.
                  | [potion of mutation]
  5379 | D:5      | Gained mutation: Your spells are a little easier to cast,
                  | but a little less powerful. [potion of mutation]
  5379 | D:5      | Gained mutation: Your mind is acute. (Int +4, Str/Dex -1)
                  | [potion of mutation]
  5380 | D:5      | 5380 ||| DRINKING potion of mutation.
  5380 | D:5      | Lost mutation: Your flesh is cold resistant. (rC+) [potion
                  | of mutation]
  5380 | D:5      | Lost mutation: Your mind is acute. (Int +4, Str/Dex -1)
                  | [potion of mutation]
  5380 | D:5      | Lost mutation: You sometimes lose your temper in combat.
                  | [potion of mutation]
  5380 | D:5      | Gained mutation: Your magical capacity is low. (-10% MP)
                  | [potion of mutation]
  5380 | D:5      | Gained mutation: You possess an exceptional clarity of
                  | mind. [potion of mutation]
  5380 | D:5      | Gained mutation: You are somewhat resistant to further
                  | mutation. [potion of mutation]
  5396 | Sewer    | Entered a sewer
  5477 | Sewer    | Reached skill level 6 in Fighting
  5703 | Sewer    | Reached XP level 9. HP: 51/56 MP: 8/8
  5847 | Sewer    | Reached skill level 9 in Axes
  6069 | Sewer    | 6069 ||| READING scroll labelled YGERIO GAKETY.
  6070 | Sewer    | 6070 ||| DRINKING 2 black potions.
  6071 | Sewer    | 6071 ||| DRINKING 2 fizzy coppery potions.
  6072 | Sewer    | 6072 ||| DROPPING potion of brilliance.
  6107 | D:5      | 6107 ||| PLANNING D:1-11
  6379 | D:6      | 6379 ||| STAIRDANCE
  6387 | D:6      | 6387 ||| STAIRDANCE
  6387 | D:6      | Noticed Duvessa
  6404 | D:6      | 6404 ||| STAIRDANCE
  6415 | D:6      | 6415 ||| STAIRDANCE
  6443 | D:6      | Noticed Dowan
  6444 | D:6      | 6444 ||| STAIRDANCE
  6478 | D:6      | 6478 ||| STAIRDANCE
  6495 | D:6      | Killed Dowan
  6499 | D:6      | Killed Duvessa
  6500 | D:6      | 6500 ||| STAIRDANCE
  6718 | D:6      | 6718 ||| Stepping ~*~*~tactically~*~*~ (hiding).
  6720 | D:6      | 6720 ||| Stepping ~*~*~tactically~*~*~ (hiding).
  7168 | D:6      | 7168 ||| UPGRADING to ring of protection from cold.
  7169 | D:6      | 7169 ||| READING scroll labelled ZAHOXE GIXE.
  7170 | D:6      | 7170 ||| READING scroll labelled OZIKHI JECVUAL.
  7171 | D:6      | 7171 ||| DRINKING 2 golden potions.
  7172 | D:6      | 7172 ||| DRINKING 2 clear potions.
  7173 | D:6      | 7173 ||| READING 4 scrolls of identify.
  7173 | D:6      | 7173 ||| IDENTIFYING fuming golden potion
  7174 | D:6      | 7174 ||| READING 3 scrolls of identify.
  7174 | D:6      | 7174 ||| IDENTIFYING purple potion
  7175 | D:6      | 7175 ||| READING 2 scrolls of identify.
  7175 | D:6      | 7175 ||| IDENTIFYING bubbling white potion
  7176 | D:6      | 7176 ||| DROPPING potion of invisibility.
  7177 | D:6      | 7177 ||| DROPPING potion of degeneration.
  7267 | D:7      | 7267 ||| Stepping ~*~*~tactically~*~*~ (stealth).
  7271 | D:7      | 7271 ||| Stepping ~*~*~tactically~*~*~ (stealth).
  7337 | D:7      | Found a staircase to the Ecumenical Temple.
  7338 | D:7      | 7338 ||| PLANNING TEMPLE
  7346 | Temple   | Entered the Ecumenical Temple
  7351 | Temple   | 7351 ||| PLANNING OKAWARU WORSHIP
  7437 | Temple   | Became a worshipper of Warmaster Okawaru
  7438 | Temple   | 7438 ||| PLANNING D:1-11
  7650 | D:7      | 7650 ||| Stepping ~*~*~tactically~*~*~ (hiding).
  7821 | D:7      | 7821 ||| SWAPPING to +0 broad axe.
  7822 | D:7      | 7822 ||| DROPPING +2 war axe.
  7855 | D:7      | HP: 13/57 [orc warrior/+0 scimitar (6)]
  7856 | D:7      | 7856 ||| DRINKING potion of heal wounds.
  8060 | D:7      | 8060 ||| Stepping ~*~*~tactically~*~*~ (cloud).
  8290 | D:7      | Reached skill level 1 in Throwing
  8665 | D:7      | Found a shimmering blue altar of Sif Muna.
  8765 | D:7      | 8765 ||| READING scroll labelled GIRHANE METI.
  8814 | D:8      | 8814 ||| Stepping ~*~*~tactically~*~*~ (stealth).
  8815 | D:8      | 8815 ||| Stepping ~*~*~tactically~*~*~ (stealth).
  8850 | D:8      | Noticed Erica
  8864 | D:8      | Killed Erica
  8864 | D:8      | Reached * piety under Okawaru
  8865 | D:8      | Reached skill level 10 in Axes
  8865 | D:8      | Reached XP level 10. HP: 63/63 MP: 9/9
  9013 | D:8      | 9013 ||| Stepping ~*~*~tactically~*~*~ (stealth).
  9020 | D:8      | 9020 ||| Stepping ~*~*~tactically~*~*~ (hiding).
  9033 | D:8      | Reached skill level 1 in Invocations
  9342 | D:8      | 9342 ||| INVOKING Heroism.
  9354 | D:8      | 9354 ||| INVOKING Heroism.
  9359 | D:8      | 9359 ||| Stepping ~*~*~tactically~*~*~ (stealth).
  9364 | D:8      | 9364 ||| Stepping ~*~*~tactically~*~*~ (stealth).
  9365 | D:8      | 9365 ||| Stepping ~*~*~tactically~*~*~ (stealth).
  9366 | D:8      | 9366 ||| Stepping ~*~*~tactically~*~*~ (stealth).
  9369 | D:8      | 9369 ||| INVOKING Heroism.
  9384 | D:8      | 9384 ||| INVOKING Heroism.
  9395 | D:8      | Reached skill level 6 in Armour
  9442 | D:8      | 9442 ||| Stepping ~*~*~tactically~*~*~ (stealth).
  9444 | D:8      | 9444 ||| Stepping ~*~*~tactically~*~*~ (stealth).
  9447 | D:8      | 9447 ||| Stepping ~*~*~tactically~*~*~ (stealth).
  9449 | D:8      | 9449 ||| Stepping ~*~*~tactically~*~*~ (hiding).
  9452 | D:8      | 9452 ||| INVOKING Heroism.
  9462 | D:8      | Reached skill level 3 in Invocations
  9558 | D:8      | Found a staircase to the Lair.
  9825 | D:8      | 9825 ||| PLANNING LAIR
  9825 | D:8      | 9825 ||| READING scroll labelled ZOINIDE GUQEAC.
  9926 | D:8      | 9926 ||| READING scroll labelled PIUMIYKHOWK.
  9967 | Lair:1   | Entered Level 1 of the Lair of Beasts
 10135 | Lair:1   | Noticed a cane toad
 10136 | Lair:1   | 10136 ||| INVOKING Heroism.
 10150 | Lair:1   | Killed a cane toad
 10297 | Lair:1   | Noticed a cane toad
 10298 | Lair:1   | 10298 ||| INVOKING Heroism.
 10308 | Lair:1   | Killed a cane toad
 10378 | Lair:1   | Noticed Amaemon
 10378 | Lair:1   | Noticed an orange demon
 10379 | Lair:1   | 10379 ||| Stepping ~*~*~tactically~*~*~ (hiding).
 10380 | Lair:1   | 10380 ||| Stepping ~*~*~tactically~*~*~ (hiding).
 10381 | Lair:1   | 10381 ||| INVOKING Heroism.
 10404 | Lair:1   | 10404 ||| INVOKING Heroism.
 10406 | Lair:1   | HP: 15/64 [orange demon[Amaemon] (2)]
 10407 | Lair:1   | 10407 ||| READING scroll of teleportation.
 10408 | Lair:1   | 10408 ||| DRINKING potion of heal wounds.
 10409 | Lair:1   | Killed Amaemon
 10409 | Lair:1   | Reached ** piety under Okawaru
 10636 | Lair:1   | 10636 ||| INVOKING Heroism.
 10649 | Lair:1   | Reached skill level 11 in Axes
 10656 | Lair:1   | HP: 10/65 [komodo dragon (21)]
 10657 | Lair:1   | 10657 ||| READING scroll of teleportation.
 10700 | Lair:1   | 10700 ||| INVOKING Heroism.
 10704 | Lair:1   | HP: 15/65 [orange demon[Amaemon] (4)]
 10710 | Lair:1   | HP: 6/65 [orange demon[Amaemon] (10)]
 10711 | Lair:1   | Killed an orange demon
 10712 | Lair:1   | Reached skill level 9 in Fighting
 10714 | Lair:1   | Reached XP level 11. HP: 7/71 MP: 10/12
 11023 | Lair:1   | 11023 ||| DROPPING +0 morningstar.
 11055 | Lair:1   | Identified the +6 quarterstaff of the Desert {freeze,
                  | Int+4}
 11163 | Lair:1   | 11163 ||| INVOKING Heroism.
 11446 | Lair:1   | 11446 ||| UPGRADING to +0 pair of gloves.
 11451 | Lair:1   | 11451 ||| READING scroll labelled DUOSUI GATWAD.
 11451 | Lair:1   | Identified a scroll of acquirement
 11451 | Lair:1   | 11451 ||| ACQUIRING 944 gold pieces
 11451 | Lair:1   | Acquired 944 gold pieces
 11453 | Lair:1   | 11453 ||| READING 2 scrolls of identify.
 11453 | Lair:1   | 11453 ||| IDENTIFYING blue potion
 11454 | Lair:1   | 11454 ||| DROPPING potion of flight.
 11480 | Lair:1   | 11480 ||| INVOKING Heroism.
 11671 | Lair:2   | Reached *** piety under Okawaru
 11744 | Lair:2   | Found a staircase to the Shoals.
 11744 | Lair:2   | Noticed a manticore
 11745 | Lair:2   | 11745 ||| Stepping ~*~*~tactically~*~*~ (hiding).
 11751 | Lair:2   | 11751 ||| INVOKING Heroism.
 11755 | Lair:2   | HP: 10/71 [manticore (17)]
 11755 | Lair:2   | HP: 3/71 [manticore (7)]
 11756 | Lair:2   | Killed from afar by a wind drake

Levels and vault maps discovered:
D:1:      ncdulo_watergridlock, layout_basic, chequers_ecumenical_altar_simple,
          minmay_misc_feat_tiny
D:2:      layout_basic, serial_shops, nicolae_shop_crystal, serial_park_tiny_2,
          interstate_on_off
D:3:      layout_basic, mainiacjoe_overflow_24_doors, kennysheep_nondescript
D:4:      layout_loops_ring, kennysheep_generic_room_14, uniq_grinder,
          uniq_sigmund, uniq_eustachio, uniq_natasha
D:5:      layout_cave_pools, portal_sewer_entry_a, uniq_menkaure
D:6:      layout_cave_pools, uniq_duvessa
D:7:      layout_basic, lemuel_coloured_pillars_altar, minmay_temple_entry_mist
D:8:      layout_loops_cross, grunt_lair_entry_orc_guard_hut, uniq_erica
Temple:   dpeg_three_leaves_temple
Lair:1:   layout_cave_pods, amcnicky_mini_pool_medium, grunt_megastairs_4,
          uniq_amaemon
Lair:2:   layout_cave_pods, minmay_shoals_entry_beasts,
          guppyfry_snake_entry_island, portal_ice_cave_rime, basic_altar,
          grunt_megastairs_2, serial_bayou_shore_b

Skill      XL: |  1  2  3  4  5  6  7  8  9 10 11 |
---------------+----------------------------------+-----
Axes           | 2 3 4 5 6 7 8 10 11 | 11.1
Fighting       | 4 6 7 9 |  9.1
Dodging        | 2 |  2.2
Armour         | 4 5 6 7 |  7.5
Shields        | 4 5 |  5.8
Throwing       | 1 |  1.3
Invocations    | 4 |  4.0

Action                   |  1- 3 |  4- 6 |  7- 9 | 10-12 || total
-------------------------+-------+-------+-------+-------++-------
Melee: War axe           |   103 |   156 |   314 |       ||   573
       Broad axe         |       |       |    71 |   196 ||   267
Throw: Boomerang         |       |       |     9 |    10 ||    19
Invok: Heroism           |       |       |       |    14 ||    14
  Use: Scroll            |     1 |     7 |     9 |     6 ||    23
       Potion            |       |     1 |     9 |     1 ||    11
Armor: Scale mail        |    46 |    41 |       |       ||    87
       Chain mail        |       |    49 |   226 |   140 ||   415
Dodge: Dodged            |    48 |    58 |   141 |    97 ||   344
Block: Buckler           |    16 |    29 |    80 |    65 ||   190

Table legend:
 A = Non-vault XP
 B = Vault XP
 C = Vault XP percentage of total XP
 D = Non-vault monster count
 E = Vault monster count
 F = Vault count percentage of total count
                 A         B        C        D         E       F
            +---------+---------+-------+---------+---------+-------
      Total |    5656 |    4923 |  46.5 |     179 |      65 |  26.6
            +---------+---------+-------+---------+---------+-------
        D:1 |      78 |       0 |   0.0 |      36 |       0 |   0.0
        D:2 |      36 |       0 |   0.0 |      13 |       0 |   0.0
        D:3 |      42 |       0 |   0.0 |      21 |       0 |   0.0
        D:4 |     513 |     980 |  65.6 |      26 |       6 |  18.8
        D:5 |     338 |     199 |  37.1 |      16 |       7 |  30.4
        D:6 |     448 |     209 |  31.8 |       9 |       2 |  18.2
        D:7 |     821 |       0 |   0.0 |      18 |       0 |   0.0
        D:8 |     677 |    1361 |  66.8 |      26 |       6 |  18.8
     Lair:1 |    2319 |    1678 |  42.0 |      11 |       4 |  26.7
     Lair:2 |     384 |       0 |   0.0 |       3 |       0 |   0.0
      Sewer |       0 |     496 | 100.0 |       0 |      40 | 100.0
            +---------+---------+-------+---------+---------+-------
